 Dungeon Crawl Stone Soup version 0.27-a0-1332-g84bddb5ca7 (webtiles) character file.

Game seed: 2161934500378575446

53 JumajiCA the Grave Robber (level 3, -2/24 HPs)
             Began as a Vampire Necromancer on June 25, 2021.
             Was a Believer of Cheibriados.
             Slain by an orc (5 damage)
             ... on level 3 of the Dungeon on June 26, 2021.
             The game lasted 00:12:27 (2640 turns).

JumajiCA the Grave Robber (Vampire Necromancer)     Turns: 2640, Time: 00:12:28

Health: -2/24      AC:  2    Str: 11    XL:     3   Next: 62%
Magic:  2/6        EV: 13    Int: 22    God:    Cheibriados [**....]
Gold:   126        SH:  0    Dex: 18    Spells: 4/6 levels left

rFire    . . .     SeeInvis +   d - +0 club
rCold    . . .     Faith    .   (no shield)
rNeg     . . .     Spirit   .   a - +0 robe
rPois    .         Reflect  .   (no helmet)
rElec    .         Harm     .   (no cloak)
rCorr    .         Rampage  .   (no gloves)
Will     .....                  (no boots)
Stlth    ++........             (no amulet)
HPRegen  0.28/turn              (no ring)
MPRegen  0.10/turn              (no ring)

@: healing quickly, very slow
A: alive, fangs 3, see invisible, vampiric 2
a: Exsanguinate, Renounce Religion, Bend Time


You were on level 3 of the Dungeon.
You worshipped Cheibriados.
Cheibriados was pleased with you.
You visited 1 branch of the dungeon, and saw 3 of its levels.

You collected 126 gold pieces.

Inventory:

Hand Weapons
 b - a +1 dagger of venom
 d - a +0 club (weapon)
 j - a +0 short sword
Missiles
 h - 109 stones
 m - 4 large rocks
Armour
 a - a +0 robe (worn)
 p - a +0 leather armour
Scrolls
 c - 3 scrolls of teleportation {unknown}
 e - a scroll of acquirement {unknown}
 l - 2 scrolls of fog {unknown}
 n - a scroll of amnesia {unknown}
Potions
 f - a potion of heal wounds {unknown}
 g - a potion of lignification {unknown}
 i - a potion of cancellation {unknown}


   Skills:
 + Level 0.1 Fighting
 + Level 0.1 Maces & Flails
 + Level 2.3 Dodging
 + Level 3.0 Stealth
 + Level 2.2 Spellcasting
 + Level 5.6 Necromancy


You had 4 spell levels left.
You knew the following spells:

 Your Spells              Type           Power      Damage    Failure   Level
a - Pain                  Necr           100%       1d9       1%          1
b - Animate Skeleton      Necr           54%        N/A       1%          1

Your spell library contained the following spells:

 Spells                   Type           Power      Damage    Failure   Level
 Vampiric Draining        Necr           13%        2d7       4%          3
 Animate Dead             Necr           13%        N/A       13%         4
 Agony                    Necr           27%        N/A       36%         5


Dungeon Overview and Level Annotations

Branches:
Dungeon (3/15)

Altars:
Cheibriados


Innate Abilities, Weirdness & Mutations

Your natural rate of healing is accelerated.
You have razor-sharp teeth.
You have supernaturally acute eyesight. (SInv)
You are afflicted with vampirism and can become a bat while bloodless.


Message History

You kill the hobgoblin!
Cheibriados thoroughly appreciates the change of pace.
A goblin comes into view. It is wielding a +0 club.
A goblin is nearby!
A goblin is nearby!
Aiming: Pain (safe; 1% risk of failure)
Press: ? - help, Q - select action, (/) - cycle Shift-Dir - straight line, f - goblin
Aim: a goblin, wielding a +0 club (chance to affect: 93%)
The goblin barely resists.
You hit the goblin.
The goblin is severely wounded.
The goblin closely misses you.
You barely miss the goblin. You bite the goblin.
You kill the goblin!
Cheibriados appreciates the change of pace.
An orc comes into view. It is wielding a +0 hand axe.
Aiming: Pain (safe; 1% risk of failure)
Press: ? - help, Q - select action, (/) - cycle Shift-Dir - straight line, f - orc
Aim: an orc, wielding a +0 mace (chance to affect: 93%)
The orc writhes in agony.
The orc hits you with a +0 mace.
You closely miss the orc.
The orc is moderately wounded.
The orc hits you with a +0 mace. The orc closely misses you.
You hit the orc but do no damage.
The orc is moderately wounded.
The orc hits you with a +0 hand axe.
* * * LOW HITPOINT WARNING * * *
The orc misses you.
A kobold comes into view. It is wielding a +0 short sword.
The kobold shouts!
You hit the orc but do no damage.
The orc is moderately wounded.
The orc barely misses you. The orc hits you with a +0 mace.
* * * LOW HITPOINT WARNING * * *
The kobold misses you.
You hit the orc.
The orc is heavily wounded.
The orc hits you with a +0 hand axe.
You die...

######## ####...... ##
#........ . #>.....#
K### #......# .'.
########......# .)#
..............####..####
..##..##.........o......
#....####......K@o....⌠.
##..## #.#.....###'#...
#..# #..#..####
##..###...#..#
........#.#..#
........#.##.# ####
##..###...##.. .... ...
#..# ..### #.. ...
##..## .# #.# ... ##


You could see 2 orcs and 2 kobolds.

Vanquished Creatures
  2 adders (D:2)
  2 dart slugs
  An orc (D:3)
  2 ball pythons (D:2)
  An endoplasm (D:2)
  5 goblins
  5 hobgoblins
  2 quokkas (D:3)
  A frilled lizard (D:2)
  6 kobolds
  A rat (D:3)
28 creatures vanquished.

Vanquished Creatures (others)
  7 plants (D:3)
7 creatures vanquished.

Grand Total: 35 creatures vanquished

Notes
Turn   | Place    | Note
-------+----------+-------------------------------------------
     0 | D:1      | JumajiCA the Vampire Necromancer began the quest for the
                  | Orb.
     0 | D:1      | Reached XP level 1. HP: 13/13 MP: 3/3
   266 | D:1      | Found a faded altar of an unknown god.
   398 | D:1      | Became a worshipper of Cheibriados the Contemplative
   398 | D:1      | Reached * piety under Cheibriados
   404 | D:1      | Learned a level 1 spell: Animate Skeleton
  1167 | D:2      | Reached XP level 2. HP: 13/19 MP: 5/5
  1360 | D:2      | Reached skill level 5 in Necromancy
  1501 | D:2      | Gained mutation: You are afflicted with vampirism and can
                  | become a bat while bloodless. [Vampire growth]
  1501 | D:2      | Reached XP level 3. HP: 6/24 MP: 6/6
  1889 | D:3      | Reached ** piety under Cheibriados
  2640 | D:3      | Slain by an orc

Illustrated notes

Levels and vault maps discovered:
D:1:      dpeg_arrival_tiny_i, layout_basic, basic_ecumenical_altar
D:2:      layout_loops_cross
D:3:      corexii_shack_village, layout_rooms, palyth_stone_intersect

Skill      XL: |  1  2 |
---------------+-------+-----
Necromancy     | 5 |  5.6
Fighting       | |  0.1
Maces & Flails | |  0.1
Dodging        | |  2.3
Stealth        | |  3.0
Spellcasting   | |  2.2

Action                   || total
-------------------------++-------
Melee: Club              ||    38
       Unarmed           ||     6
       Bite              ||     8
 Cast: Pain              ||    31
       Animate Skeleton  ||     3
Invok: Bend Time         ||     1
  Use: Scroll            ||     1
Armor: Robe              ||     9
Dodge: Dodged            ||    39

Table legend: (Time is in decaauts)
 A = Elapsed time spent in this place.
 B = Non-inter-level travel time spent in this place.
 C = Inter-level travel time spent in this place.
 D = Time resting spent in this place.
 E = Time spent auto-exploring this place.
 F = Levels seen in this place.
 G = Mean time per level.
                   A        B        C        D        E       F      G
               +--------+--------+--------+--------+--------+-----+--------+
         Total |   2942 |   2942 |      0 |   1557 |      1 |   3 |  980.7 |
       Dungeon |   2942 |   2942 |      0 |   1557 |      1 |   3 |  980.7 |
               +--------+--------+--------+--------+--------+-----+--------+

Top non-repeatable levels by time:
     D:1: 1173 daAuts
     D:3: 967 daAuts
     D:2: 801 daAuts
